 Dungeon Crawl Stone Soup version 0.14.1-24-gbdbe590 (webtiles) character file.

1207 DaftWullie the Slicer (level 8, -3/48 HPs)
             Began as a Kobold Berserker on June 15, 2014.
             Was an Elder of Trog.
             Killed by divine providence
             ... invoked by an orc priest
              (13 damage)
             ... on Level 5 of the Dungeon on June 16, 2014.
             The game lasted 01:01:12 (4901 turns).

DaftWullie the Slicer (Kobold Berserker)            Turns: 4901, Time: 01:01:12

HP  -3/48        AC  7     Str 19      XL: 8   Next: 38%
MP   8/8         EV 17     Int  6      God: Trog [****..]
Gold 237         SH  0     Dex 21      Spells:  0 memorised,  7 levels left

rFire  x . .     SeeInvis .     a - +3,+1 short sword
rCold  + . .     Clarity  .     J - +1 ring mail of Smurivufu {Str+3 Dex+5 Dam-5}
rNeg   . . .     Conserve .     (no shield)
rPois  .         rCorr    .     (no helmet)
rElec  .         rRot     .     s - +0 cloak
SustAb . .       Spirit   .     (no gloves)
rMut   .         Warding  .     (no boots)
Saprov + + .     Stasis   .     E - amulet of faith
MR     ++...                    (no ring)
                                L - ring of ice

@: regenerating, very resistant to hostile enchantments, fairly stealthy
A: disease resistance, carnivore 3, saprovore 2
a: Burn Spellbooks, Berserk, Trog's Hand, Brothers in Arms, Renounce Religion


You were on level 5 of the Dungeon.
You worshipped Trog.
Trog was greatly pleased with you.
You were completely stuffed.

You visited 1 branch of the dungeon, and saw 6 of its levels.

You collected 237 gold pieces.

Inventory:

Hand weapons
 a - a +3,+1 short sword (weapon)
 b - a +2 blowgun
 t - a +0,+0 short sword
 D - a +0,+2 short sword
 H - a +0,+0 short sword
 K - a +0,+0 short sword
Missiles
 h - 12 poisoned needles
 C - 10 darts (quivered)
Armour
 n - a +0 animal skin
 o - a +2 robe
 q - a +0 robe
 s - a +0 cloak (worn)
 z - a +0 leather armour
 A - a +2 leather armour
 G - a +0 leather armour
 I - a +0 leather armour
 J - the +1 ring mail of Smurivufu (worn) {Str+3 Dex+5 Dam-5}
   (You found it on level 4 of the Dungeon)

   It affects your strength (+3).
   It affects your dexterity (+5).
   It affects your damage with ranged weapons and melee attacks (-5).
Comestibles
 c - 2 meat rations
Scrolls
 f - 4 scrolls of identify {unknown}
 g - 4 scrolls of remove curse {unknown}
 i - 2 scrolls of recharging {unknown}
 j - 2 scrolls of enchant weapon II {unknown}
 l - a scroll of enchant armour {unknown}
 m - 2 scrolls of teleportation {unknown}
 p - 3 scrolls of magic mapping {unknown}
 r - 3 scrolls of noise {unknown}
 w - 2 scrolls of enchant weapon I {unknown}
 x - a scroll of immolation {unknown}
 y - 3 scrolls of fog {unknown}
 M - a scroll of fear {unknown}
Jewellery
 E - an amulet of faith (around neck)
 L - a ring of ice (left hand)
Potions
 d - a potion of curing
 e - a potion of might
 k - 2 potions of restore abilities {unknown}
 u - a potion of brilliance {unknown}
 v - a potion of poison {unknown}
 B - 3 potions of heal wounds {unknown}
 F - a potion of confusion {unknown}


   Skills:
 + Level 4.7 Fighting
 * Level 8.1 Short Blades
 + Level 3.6 Throwing
 - Level 1.5 Armour
 + Level 7.2 Dodging
 + Level 1.7 Stealth


You had 7 spell levels left.
You didn't know any spells.

Dungeon Overview and Level Annotations

Branches:
Dungeon (6/15)             Temple (0/1) D:4

Altars:
Ashenzari
Cheibriados
Dithmenos
Elyvilon
Nemelex Xobeh
Trog
Zin


Innate Abilities, Weirdness & Mutations

You recuperate from illness quickly.
You are small and have problems with some larger weapons.
You are carnivorous and can eat meat at any time.
You can eat rotten meat.


Message History

The orc priest calls upon Beogh to heal the orc.
The orc's wounds heal themselves!
Throwing (i - inventory):
C - 11 darts (quivered)
Press: ? - help, Shift-Dir - straight line, f/p - orc
Aim: an orc wearing a ring mail You throw a dart.
The dart hits the orc.
The orc priest mumbles some strange prayers to Beogh against you.
Something smites you!
The orc priest mumbles some strange prayers to Beogh against you.
Something smites you! The orc hits you but does no damage.
Use which ability? (? or * to list)
Your skin crawls.
You feel resistant to hostile enchantments.
You feel slightly less full.
The orc priest mumbles some strange prayers to Beogh against you.
Something smites you!
* * * LOW HITPOINT WARNING * * *
The orc priest calls down the wrath of Beogh upon you.
Something smites you!
You die...

.................................
...................#############.
...................# #.
.............<>....#############.
.................................
.................................
.................################
################.# #@# #o# #o#
.o. ..... .....o. ......(..
<........o. ....%....


You could see 2 orc priests, an orc wizard and an orc.

Vanquished Creatures
  Edmund (D:4)
  A centaur (D:4)
  Sigmund (D:2)
  A giant frog skeleton (D:5)
  Crazy Yiuf (D:2)
  A hound (D:6)
  4 orc priests
  3 iguanas
  4 worker ants
  2 orc wizards (D:5)
  Ijyb (D:6)
  Jessica (D:2)
  6 adders
  A shadow imp (D:5)
  2 giant mites (D:4)
  3 worms
  A giant eyeball (D:4)
  An orc skeleton (D:5)
  2 giant geckos
  An ooze (D:2)
  15 orcs
  3 ball pythons
  17 bats
  5 giant cockroaches
  15 goblins
  11 hobgoblins
  15 jackals
  4 quokkas
  8 giant newts
  A giant newt skeleton (D:5)
  A hobgoblin skeleton (D:2)
  14 kobolds
  A kobold zombie (D:2)
  3 rats
  2 rat skeletons (D:2)
  A rat zombie (D:2)
154 creatures vanquished.

Notes
Turn   | Place    | Note
--------------------------------------------------------------
     0 | D:1      | DaftWullie, the Kobold Berserker, began the quest for the Orb.
     0 | D:1      | Reached XP level 1. HP: 14/14 MP: 1/1
   129 | D:3      | Found a shadowy altar of Dithmenos.
   210 | D:1      | Reached XP level 2. HP: 16/19 MP: 2/2
   347 | D:1      | Upgraded the game from 0.14.1-23-g35e4e54 to 0.14.1-24-gbdbe590
   707 | D:1      | Reached XP level 3. HP: 23/23 MP: 3/3
   824 | D:2      | Acquired Trog's second power
   828 | D:2      | Noticed Sigmund
   848 | D:2      | Killed Sigmund
   848 | D:2      | Reached skill level 5 in Short Blades
   848 | D:2      | Reached XP level 4. HP: 21/29 MP: 4/4
   848 | D:2      | Reached XP level 5. HP: 23/33 MP: 5/5
   911 | D:2      | Noticed Jessica
   946 | D:2      | Killed Jessica
  1147 | D:2      | Reached skill level 6 in Short Blades
  1366 | D:2      | Found a white marble altar of Elyvilon.
  1476 | D:3      | Noticed an orc priest
  1733 | D:2      | Noticed Crazy Yiuf
  1742 | D:2      | Killed Crazy Yiuf
  1742 | D:2      | Reached XP level 6. HP: 38/38 MP: 6/6
  1869 | D:4      | Paralysed by a giant eyeball for 2 turns
  1876 | D:4      | Paralysed by a giant eyeball for 4 turns
  1891 | D:4      | Paralysed by a giant eyeball for 2 turns
  1913 | D:3      | Found a bloodstained altar of Trog.
  2015 | D:3      | Killed an orc priest
  2015 | D:3      | Reached skill level 1 in Throwing
  2015 | D:3      | Reached skill level 1 in Stealth
  2146 | D:3      | Noticed an iguana
  2169 | D:3      | Killed an iguana
  2687 | D:3      | Found a shattered altar of Ashenzari.
  2687 | D:3      | Found a snail-covered altar of Cheibriados.
  2828 | D:4      | Reached skill level 7 in Short Blades
  2993 | D:4      | Found a staircase to the Ecumenical Temple.
  3037 | D:4      | Reached skill level 5 in Dodging
  3037 | D:4      | Reached XP level 7. HP: 37/44 MP: 7/7
  3076 | D:4      | Noticed Edmund
  3096 | D:4      | Killed Edmund
  3098 | D:4      | Acquired Trog's third power
  3481 | D:5      | Entered Level 5 of the Dungeon
  3682 | D:4      | Reached XP level 8. HP: 32/48 MP: 8/8
  3818 | D:4      | Got a distressingly furry ring mail
  3828 | D:4      | Identified the +1 ring mail of Smurivufu {Str+3 Dex+5 Dam-5} (You found it on level 4 of the Dungeon)
  3886 | D:6      | Noticed Ijyb
  3905 | D:6      | Killed Ijyb
  4402 | D:5      | Reached skill level 8 in Short Blades
  4420 | D:5      | Found a sparkling altar of Nemelex Xobeh.
  4693 | D:5      | Found a glowing silver altar of Zin.
  4901 | D:5      | Killed from afar by an orc priest

Action                   |  1- 3 |  4- 6 |  7- 9 || total
-------------------------+-------+-------+-------++-------
Melee: Short sword       |    83 |   314 |   287 ||   684
 Fire: Blowgun           |       |     5 |    28 ||    33
Throw: Dart              |     5 |    29 |    14 ||    48
Invok: Berserk           |     2 |     4 |     4 ||    10
       Trog's Hand       |       |     3 |     2 ||     5
  Use: Potion            |       |       |     3 ||     3
 Stab: Sleeping          |       |     2 |       ||     2
       Distracted        |       |     1 |       ||     1
